 Dungeon Crawl Stone Soup version 0.29.0-4-gdea44cf6ec (webtiles) character file.

Game seed: 7557323819270089449

4 qw the Sneak (level 1, -4/14 HPs)
             Began as a Gargoyle Delver on Sept 10, 2022.
             Slain by an orc
             ... wielding a +0 hand axe
              (5 damage)
             ... on level 4 of the Dungeon.
             The game lasted 00:00:06 (386 turns).

qw the Sneak (Gargoyle Delver)                       Turns: 386, Time: 00:00:07

Health: -4/14      AC:  5    Str: 15    XL:     1   Next: 70%
Magic:  1/1        EV:  4    Int: 10    God:
Gold:   0          SH: 25    Dex: 11    Spells: 0/0 levels left

rFire   . . .      SeeInvis .   Y - +0 hand axe
rCold   . . .      Faith    .   a - +18 shield of the Gong {rElec rN+ Will+ EV-5}
rNeg    + + .      Spirit   .   b - +0 leather armour
rPois   inf        Reflect  .   (no helmet)
rElec   +          Harm     .   (no cloak)
rCorr   .          Rampage  .   (no gloves)
Will    +....                   (no boots)
Stlth   +++.......              (no amulet)
HPRegen 0.04/turn               (no ring)
MPRegen 0.07/turn               (no ring)

@: no status effects
A: sickness immunity, AC +2, negative energy resistance 1, electricity
resistance, torment resistance 1, petrification resistance
a: no special abilities


You were on level 4 of the Dungeon.
You visited 1 branch of the dungeon, and saw 2 of its levels.


Innate Abilities, Weirdness & Mutations

You are immune to sickness and miasma.
Your stone body is resilient. (AC +2)
You are immune to poison.
You resist negative energy. (rN+)
You are resistant to electric shocks. (rElec)
You are resistant to unholy torment.
You are immune to petrification.


   Skills:
 - Level 3.2 Fighting
 - Level 1.9 Axes
 - Level 1.5 Dodging
 - Level 5.4 Stealth
 + Level 1.0 Shields


You couldn't memorise any spells.
You didn't know any spells.
Your spell library was empty.

Inventory:

Hand Weapons
 c - a +0 club
 Y - a +0 hand axe (weapon)
Armour
 a - the +18 shield of the Gong (worn) {rElec rN+ Will+ EV-5}
   (You acquired it on level 5 of the Dungeon)

   It is deafeningly noisy when blocking attacks.
   EV:        It affects your evasion (-5).
   rElec:     It insulates you from electricity.
   rN:        It protects you from negative energy.
   Will:      It increases your willpower.
 b - a +0 leather armour (worn)
Wands
 g - a wand of digging (3)
Potions
 d - a potion of curing {unknown}
 f - a potion of haste

Dungeon Overview and Level Annotations

Branches:
Dungeon (5/15)
 Temple: D:4-7

Altars:

Shops:
D:5 :


Message History

The orc wizard flickers and vanishes!
Deactivating autopickup; reactivate with Ctrl-A.
You block the orc's attack.
PANG!
You hear an angry hiss.
You barely miss the orc.
An orc comes into view. It is wielding a +0 short sword.
You block the orc's attack.
PANG!
You block the orc's attack.
SHROANNG!
You hear an angry hiss. x2
You completely miss the orc. The hound bites you but does no damage.
You block the orc's attack.
PANG!
You hear an angry hiss.
You barely miss the hound. You closely miss the orc. The hound bites you.
You block the hound's attack.
PTOANNNG!
A puff of flame appears from out of thin air!
The puff of flame hits you. You block the orc's attack.
BOUMMMMG!
The orc hits you with a +0 mace.
You hear an angry hiss.
You hear a bark!
You closely miss the hound. You hit the orc. x2
You hit the orc but do no damage. You block the hound's attack.
PTOANNNG!
You block the hound's attack.
BOUMMMMG!
The orc hits you with a +0 mace. The orc hits you with a +0 hand axe.
The orc barely misses you. You block the hound's attack.
GONNNNG!
You hear an angry hiss.
You closely miss the orc.
The orc is moderately wounded.
You closely miss the orc. You barely miss the hound.
You hit the orc but do no damage. You block the hound's attack.
GONNNNG!
You block the orc's attack.
GONNNNG!
The orc hits you with a +0 hand axe.
You die...

###..##............+
#....#######.......#
+..........#.......#
#..........+.......#
########'###........
#.................
#.................
#..........o......
.'.........@h.....#
.#.........o......#
#...........o....#
#............o...#
...##########'##..
.. . ..# ##


You could see a hound and 4 orcs.

Vanquished Creatures
  An endoplasm (D:4)
  A kobold (D:4)
  A quokka (D:5)
  A ball python (D:4)
4 creatures vanquished.

Vanquished Creatures (others)
  3 withered plants (D:5)
3 creatures vanquished.

Grand Total: 7 creatures vanquished

Notes
Turn   | Place    | Note
-------+----------+-------------------------------------------
     0 | D:5      | qw the Gargoyle Delver began the quest for the Orb.
     0 | D:5      | Reached XP level 1. HP: 14/14 MP: 1/1
     0 | D:5      | 0 ||| qw: Version: 0.1-a-117-gfe26ee0
     0 | D:5      | 0 ||| qw: Game counter: 9688
     0 | D:5      | 0 ||| qw: Always use a shield: true
     0 | D:5      | 0 ||| qw: God list: Okawaru
     0 | D:5      | 0 ||| qw: Allow faded altars: false
     0 | D:5      | 0 ||| qw: Do Orc after D:15 true
     0 | D:5      | 0 ||| qw: Do second Lair branch before Depths: true
     0 | D:5      | 0 ||| qw: Lair rune preference: random
     0 | D:5      | 0 ||| qw: Plans: Normal
     0 | D:5      | 0 ||| PLANNING D:1-11
     8 | D:5      | Found Jiebrem's Book Shop.
    17 | D:5      | 17 ||| READING scroll labelled YXERPH LEFF.
    17 | D:5      | Identified a scroll of acquirement
    17 | D:5      | 17 ||| ACQUIRING +18 shield of the Gong {rElec rN+ Will+
                  | EV-5}
    17 | D:5      | Acquired the +18 shield of the Gong {rElec rN+ Will+ EV-5}
    17 | D:5      | Found the +18 shield of the Gong {rElec rN+ Will+ EV-5}
   151 | D:5      | 151 ||| UPGRADING to +18 shield of the Gong {rElec rN+
                  | Will+ EV-5}.
   156 | D:5      | 156 ||| DROPPING scroll of fog.
   157 | D:5      | 157 ||| DROPPING scroll of magic mapping.
   158 | D:5      | 158 ||| DROPPING scroll of fear.
   163 | D:5      | Noticed a jelly
   164 | D:5      | 164 ||| FLEEEEING.
   165 | D:5      | 165 ||| FLEEEEING.
   166 | D:5      | 166 ||| STAIRDANCE
   168 | D:4      | 168 ||| PLANNING SEWER
   173 | D:4      | Reached skill level 1 in Shields
   367 | D:4      | Noticed a hound
   380 | D:4      | Noticed an orc wizard
   385 | D:4      | HP: 3/14 [orc/+0 mace (4)]
   385 | D:4      | HP: 1/14 [orc/+0 hand axe (2)]
   386 | D:4      | Slain by an orc

Levels and vault maps discovered:
D:4:      layout_gridville, gammafunk_temple_overflow_claw,
          gup_sewer_entry_glass, minmay_liquid_box, st_stairs_4, uniq_grinder
D:5:      layout_basic, lightli_temple_of_fire, kiku_gazebo_garden_becter,
          serial_shops, nicolae_stop_n_shop_1

Skill      XL: |  1 |
---------------+----+-----
Shields        | 1 |  1.0
Fighting       | |  3.2
Axes           | |  1.9
Dodging        | |  1.5
Stealth        | |  5.4

Action                   || total
-------------------------++-------
Melee: Hand axe          ||    13
  Use: Scroll            ||     1
Armor: Leather armour    ||     1
Dodge: Dodged            ||     2
Block: Kite shield       ||    14

Table legend:
 A = Non-vault XP
 B = Vault XP
 C = Vault XP percentage of total XP
 D = Non-vault monster count
 E = Vault monster count
 F = Vault count percentage of total count
                 A         B        C        D         E       F
            +---------+---------+-------+---------+---------+-------
      Total |       2 |       5 |  71.4 |       1 |       3 |  75.0
            +---------+---------+-------+---------+---------+-------
        D:4 |       0 |       5 | 100.0 |       0 |       3 | 100.0
        D:5 |       2 |       0 |   0.0 |       1 |       0 |   0.0
            +---------+---------+-------+---------+---------+-------
